 Dungeon Crawl Stone Soup version 0.30-a0-585-g93115170b9 (webtiles) character file.

Game seed: 5324178707461953725

77 Newt the Trooper (level 4, -4/37 HPs)
             Began as a Demonspawn Gladiator on Jan 1, 2023.
             Was an Initiate of Hepliaklqana.
             Slain by Grinder (9 damage)
             ... on level 3 of the Dungeon.
             The game lasted 00:02:02 (2139 turns).

Newt the Trooper (Demonspawn Gladiator)             Turns: 2139, Time: 00:02:03

Health: -4/37      AC:  3    Str: 17    XL:     4   Next: 14%
Magic:  4/4        EV: 17    Int:  9    God:    Hepliaklqana [......]
Gold:   85         SH:  0    Dex: 14    Spells: 3/3 levels left

rFire   . . .      SeeInvis .    l - +0 dagger (flame)
rCold   . . .      Faith    .    (no shield)
rNeg    . . .      Spirit   .    b - +0 leather armour
rPois   .          Reflect  .    (helmet restricted)
rElec   .          Harm     .    (no cloak)
rCorr   .          Rampage  .    (no gloves)
Will    .....                    (no boots)
Stlth   ++                       (no amulet)
HPRegen 0.26/turn                k - +5 ring of evasion
MPRegen 0.09/turn                (no ring)

@: about to teleport, flying
A: horns 1, foul stench 2
a: Renounce Religion


You were on level 3 of the Dungeon.
You worshipped Hepliaklqana.
Hepliaklqana was noncommittal.
You visited 1 branch of the dungeon, and saw 3 of its levels.

You collected 85 gold pieces.

Inventory:

Hand Weapons
 a - a +0 rapier
 l - a +0 dagger of flaming (weapon)
Missiles
 d - 3 throwing nets (quivered)
 e - a javelin
 h - 8 poisoned darts
Armour
 b - a +0 leather armour (worn)
 c - a +0 helmet
Jewellery
 k - a +5 ring of evasion (left hand)
Scrolls
 g - a scroll of identify {unknown}
 n - a scroll of fear {unknown}
 o - a scroll of immolation {unknown}
Potions
 f - a potion of magic {unknown}
 i - a potion of flight
 j - a potion of brilliance {unknown}
 m - a potion of curing {unknown}
 q - a potion of might {unknown}
 r - 2 potions of haste


   Skills:
 + Level 3.8 Fighting
 - Level 2.6 Short Blades
 - Level 1.7 Throwing
 - Level 2.6 Dodging
 - Level 2.0 Stealth


You had 3 spell levels left.
You didn't know any spells.
Your spell library contained the following spells:

 Spells                   Type           Power      Damage    Failure   Level
 Cigotuvi's Dreadful Rot  Necr/Pois/Air  0%         N/A       58%         2
 Poisonous Vapours        Pois/Air       0%         N/A       58%         2
 Mephitic Cloud           Conj/Pois/Air  0%         N/A       83%         3


Dungeon Overview and Level Annotations

Branches:
Dungeon (3/15)

Altars:
Hepliaklqana

Annotations:
D:3 Grinder


Innate Abilities, Weirdness & Mutations

You have a pair of small horns on your head.
You sometimes emit foul miasma when damaged in melee.


Message History

You kill the rat!
No target in view!
No target in view!
No target in view!
You now have 85 gold pieces (gained 15).
Grinder and an endoplasm come into view.
Grinder shouts!
Grinder gestures at you. You resist with significant effort.
There are monsters nearby!
You completely miss Grinder. Grinder barely misses you.
The endoplasm quivers.
You hit Grinder. You burn Grinder. You headbutt Grinder.
Grinder is moderately wounded.
Grinder gestures at you.
You suddenly lose the ability to move!
The endoplasm freezes you.
You are frozen.
Grinder gestures at you. You resist with significant effort.
The endoplasm hits you. Grinder hits you!
You writhe in agony.
Grinder hits you.
You writhe in agony.
* * * LOW HITPOINT WARNING * * *
The endoplasm hits you but does no damage.
The endoplasm barely misses you.
Grinder drinks a potion.
Grinder seems to speed up.
Grinder hits you but does no damage. The endoplasm freezes you.
You are frozen.
* * * LOW HITPOINT WARNING * * *
You can move again.
As you read the scroll of teleportation, it crumbles to dust.
You feel strangely unstable. Grinder closely misses you. Grinder misses you.
The endoplasm freezes you.
You are frozen.
* * * LOW HITPOINT WARNING * * *
It was a potion of flight.
You feel very buoyant.
You fly up into the air.
Grinder hits you!
You die...

#. #. .# #.
. #. #####.
#. ##.....
##.##.....#
#...#..##.#
#.......#5#
#...#...#@#
####.....J#
#.###.##
#.# #..#
..# #..#
##.. ...#
### .#.# .
#. .# (. ..
.#


You could see Grinder (fast) and an endoplasm.

Vanquished Creatures
  2 adders (D:2)
  A worm (D:3)
  6 orcs (D:3)
  3 endoplasms (D:1)
  4 goblins
  4 hobgoblins (D:1)
  3 jackals (D:2)
  4 quokkas
  2 ball pythons (D:1)
  5 bats
  3 frilled lizards (D:2)
  7 kobolds
  10 rats
  A butterfly (D:1)
55 creatures vanquished.

Notes
Turn   | Place    | Note
-------+----------+-------------------------------------------
     0 | D:1      | Newt the Demonspawn Gladiator began the quest for the Orb.
     0 | D:1      | Reached XP level 1. HP: 16/16 MP: 1/1
    50 | D:1      | Reached skill level 1 in Stealth
   168 | D:1      | Gained mutation: You may rarely emit foul miasma when
                  | damaged in melee. [demonic ancestry]
   168 | D:1      | Reached XP level 2. HP: 19/22 MP: 2/2
  1100 | D:2      | Reached skill level 3 in Fighting
  1100 | D:2      | Gained mutation: You sometimes emit foul miasma when
                  | damaged in melee. [demonic ancestry]
  1100 | D:2      | Reached XP level 3. HP: 29/29 MP: 3/3
  2014 | D:3      | Found a faded altar of an unknown god.
  2060 | D:3      | Found a hazy altar of Hepliaklqana.
  2063 | D:3      | Became a worshipper of Hepliaklqana the Forgotten
  2082 | D:3      | Gained mutation: You have a pair of small horns on your
                  | head. [demonic ancestry]
  2082 | D:3      | Reached XP level 4. HP: 37/37 MP: 4/4
  2129 | D:3      | Noticed Grinder
  2132 | D:3      | Paralysed by Grinder for 5 turns
  2139 | D:3      | Slain by Grinder

Illustrated notes

Levels and vault maps discovered:
D:1:      lemuel_arrival_river_ford, layout_loops_corners,
          corexii_item_surrounded_by_moat, hangedman_glass_garden
D:2:      layout_basic
D:3:      layout_loops_ring, mainiacjoe_overflow_swirl,
          ebering_ecumenical_altar_abandoned, nicolae_elevator_lobby_asterisk,
          uniq_grinder

Skill      XL: |  1  2 |
---------------+-------+-----
Stealth        | 1 2 |  2.0
Fighting       | 3 |  3.8
Short Blades   | |  2.6
Throwing       | |  1.7
Dodging        | |  2.6

Action                   |  1- 3 |  4- 6 || total
-------------------------+-------+-------++-------
Melee: Rapier            |    74 |       ||    74
       Punch             |     3 |       ||     3
       Dagger            |   107 |    25 ||   132
       Headbutt          |       |     7 ||     7
Throw: Dart              |     6 |       ||     6
  Use: Scroll            |     1 |     2 ||     3
       Potion            |       |     1 ||     1
 Stab: Sleeping          |     6 |       ||     6
Armor: Leather armour    |    53 |     4 ||    57
Dodge: Dodged            |   132 |    21 ||   153

Table legend: (Time is in decaauts)
 A = Elapsed time spent in this place.
 B = Non-inter-level travel time spent in this place.
 C = Inter-level travel time spent in this place.
 D = Time resting spent in this place.
 E = Time spent auto-exploring this place.
 F = Levels seen in this place.
 G = Mean time per level.
                   A        B        C        D        E       F      G
               +--------+--------+--------+--------+--------+-----+--------+
         Total |   2134 |   2095 |     39 |    264 |   1406 |   3 |  711.3 |
       Dungeon |   2134 |   2095 |     39 |    264 |   1406 |   3 |  711.3 |
               +--------+--------+--------+--------+--------+-----+--------+

Top non-repeatable levels by time:
     D:1: 1038 daAuts
     D:2: 669 daAuts
     D:3: 425 daAuts
